 Dungeon Crawl Stone Soup version 0.27.1-33-g824d729ab1 (webtiles) character file.

Game seed: 15427823164058554224

153 sking99 the Caller (level 5, 27/28 HPs)
             Began as a Deep Elf Summoner on Dec 10, 2021.
             Quit the game on level 3 of the Dungeon.
             The game lasted 00:06:54 (3555 turns).

sking99 the Caller (Deep Elf Summoner)              Turns: 3555, Time: 00:06:54

Health: 27/28      AC:  2    Str:  6    XL:     5   Next: 12%
Magic:  8/13       EV: 13    Int: 20    God:
Gold:   50         SH:  0    Dex: 15    Spells: 6/12 levels left

rFire    . . .     SeeInvis .   f - +0 dagger
rCold    . . .     Faith    .   (no shield)
rNeg     . . .     Spirit   .   a - +0 robe
rPois    .         Reflect  .   (no helmet)
rElec    .         Harm     .   (no cloak)
rCorr    +         Rampage  .   (no gloves)
Will     .....                  (no boots)
Stlth    ++........             c - amulet of the acrobat
HPRegen  0.09/turn              j - ring of resist corrosion
MPRegen  0.13/turn              (no ring)

@: no status effects
A: no striking features
a: no special abilities


You were on level 3 of the Dungeon.
You visited 1 branch of the dungeon, and saw 3 of its levels.

You collected 50 gold pieces.

Inventory:

Hand Weapons
 f - a +0 dagger (weapon)
Armour
 a - a +0 robe (worn)
 k - a +0 kite shield
Jewellery
 c - an amulet of the acrobat (around neck)
 i - a ring of fire
 j - a ring of resist corrosion (left hand)
Scrolls
 b - 2 scrolls of amnesia {unknown}
 d - a scroll of summoning {unknown}
Potions
 e - a potion of invisibility {unknown}
 g - a potion of attraction {unknown}
 h - a potion of brilliance {unknown}


   Skills:
 + Level 3.7 Dodging
 - Level 2.4 Stealth
 + Level 4.4 Spellcasting
 * Level 5.9 Summonings


You had 6 spell levels left.
You knew the following spells:

 Your Spells              Type           Power      Damage    Failure   Level
a - Summon Small Mammal   Summ           100%       N/A       1%          1
b - Call Imp              Summ           28%        N/A       1%          2
c - Call Canine Familiar  Summ           28%        N/A       3%          3

Your spell library contained the following spells:

 Spells                   Type           Power      Damage    Failure   Level
 Summon Guardian Golem    Hex/Summ       16%        N/A       11%         3
 Sandblast                Erth           8%         2d5       12%         1
 Passwall                 Tmut/Erth      3%         N/A       19%         2
 Slow                     Hex            4%         N/A       19%         2
 Static Discharge         Conj/Air       4%         N/A       19%         2
 Summon Lightning Spire   Summ/Air       16%        N/A       34%         4
 Confusing Touch          Hex            4%         N/A       36%         3
 Dispel Undead            Necr           4%         3d7       77%         4
 Sticky Flame             Conj/Fire      4%         2d3       77%         4
 Lee's Rapid Deconstruct  Erth           2%         3d5*      98%         5
 Yara's Violent Unravell  Hex/Tmut       2%         3d3       98%         5


Dungeon Overview and Level Annotations

Branches:
Dungeon (3/15)

Altars:

Shops:
D:3 :


Message History

HP restored.
Found a kite shield.
Your iron imp disappears in a puff of smoke!
A bat is nearby!
The bat completely misses you. The bat misses you. The bat barely misses you.
Casting: Call Canine Familiar (dangerous; 3% risk of failure)
Confirm with . or Enter, or press ? or * to list all spells.
A shadowy apparition takes form in the air.
The bat misses you.
Casting: Call Imp (safe; 1% risk of failure)
Confirm with . or Enter, or press ? or * to list all spells.
A beastly little devil appears in a puff of flame.
The bat hits you but does no damage.
The bat closely misses your crimson imp.
Casting: Call Imp (safe; 1% risk of failure)
Confirm with . or Enter, or press ? or * to list all spells.
A beastly little devil appears in a puff of flame.
The bat barely misses you. The bat closely misses you.
Your shadow imp misses the bat.
You hit the bat but do no damage. The bat hits you.
The bat closely misses your crimson imp.
You swap places.
Found a dagger.
The bat completely misses you.
The bat closely misses your crimson imp.
The bat misses you. The bat misses your crimson imp.
You barely miss the bat. The bat misses you.
Your shadow imp barely misses the bat.
The bat barely misses your shadow imp.
You swap places.
The bat completely misses you.
The bat closely misses your crimson imp.
Your crimson imp misses the bat.
Your crimson imp blinks!
The bat completely misses you. The bat barely misses your crimson imp.
Your crimson imp misses the bat.
You see here a +0 kite shield.
k - a +0 kite shield Your crimson imp hits the bat.
The bat dies!
Are you sure you want to abandon this character and quit the game? (Confirm with "yes".)

#.###......#.#
##.#...
#.....#..###.#
#.#..#
##...#..####.# .
##.# #......#....#
#.. #.........#.#
#......##...#
###.......##........
#.........##..##....
#.#.....5@#...# ...
#.......5##.... .
##......5.......
#...............
#.....)..........
#...........
.............
...##..


You could see 2 friendly crimson imps and a friendly shadow imp (summoned).

Vanquished Creatures
  A hound skeleton (D:3)
  An endoplasm (D:2)
  2 goblins
  A hobgoblin (D:2)
  A quokka (D:2)
  A frilled lizard (D:3)
  A kobold (D:1)
  A rat (D:1)
9 creatures vanquished.

Vanquished Creatures (collateral kills)
  An ice beast (D:3)
  A scorpion (D:2)
  An iguana (D:2)
  2 adders (D:2)
  6 orcs
  5 endoplasms
  2 giant cockroaches
  4 goblins
  6 hobgoblins (D:1)
  2 quokkas (D:2)
  4 ball pythons (D:2)
  2 bats (D:3)
  4 kobolds
  4 rats
44 creatures vanquished.

Vanquished Creatures (others)
  9 fungi (D:2)
  8 plants (D:2)
17 creatures vanquished.

Grand Total: 70 creatures vanquished

Notes
Turn   | Place    | Note
-------+----------+-------------------------------------------
     0 | D:1      | sking99 the Deep Elf Summoner began the quest for the Orb.
     0 | D:1      | Reached XP level 1. HP: 10/10 MP: 6/6
   799 | D:1      | Reached XP level 2. HP: 15/15 MP: 4/8
  1053 | D:1      | Learned a level 2 spell: Call Imp
  2125 | D:2      | Noticed a scorpion
  2139 | D:2      | Killed a scorpion
  2140 | D:2      | Reached skill level 5 in Summonings
  2140 | D:2      | Reached XP level 3. HP: 8/19 MP: 3/10
  2575 | D:2      | Reached XP level 4. HP: 24/24 MP: 7/11
  2608 | D:2      | Learned a level 3 spell: Call Canine Familiar
  2747 | D:2      | Found a faded altar of an unknown god.
  3260 | D:3      | Found Biamp's Book Emporium.
  3384 | D:3      | Noticed an ice beast
  3405 | D:3      | Killed an ice beast
  3406 | D:3      | Reached XP level 5. HP: 17/28 MP: 7/13
  3555 | D:3      | Quit the game

Illustrated notes

Levels and vault maps discovered:
D:1:      onia_arrival_pentagram, layout_loops_ring
D:2:      layout_rooms, dreamdust_ecumenical_altar_grove,
          hangedman_decor_points, minivault_26, grunt_decor_mini_mirrors
D:3:      layout_rooms, serial_shops, shop_statue, st_stairs_2

Skill      XL: |  1  2  3  4 |
---------------+-------------+-----
Dodging        | 3 |  3.7
Summonings     | 5 |  5.9
Spellcasting   | 4 |  4.4
Stealth        | |  2.4

Action                   |  1- 3 |  4- 6 || total
-------------------------+-------+-------++-------
Melee: Unarmed           |    21 |       ||    21
       Dagger            |    17 |    39 ||    56
 Cast: Summon Small Mamm |    28 |       ||    28
       Call Imp          |    26 |    15 ||    41
       Call Canine Famil |       |     1 ||     1
 Stab: Sleeping          |     3 |       ||     3
       Distracted        |       |     1 ||     1
Armor: Robe              |     9 |     8 ||    17
Dodge: Dodged            |    38 |    41 ||    79
